 Dungeon Crawl Stone Soup version 0.29.1-1-gd02db6906a (webtiles) character file.

Game seed: 1029093637269566299

44648 101zpm the Eclecticist (level 14, -6/85 HPs)
             Began as a Djinni Fire Elementalist on Oct 3, 2022.
             Was a Priest of Makhleb.
             Mangled by an orc warrior
             ... wielding a +2 flail of draining
             ... led by an orc knight
              (22 damage)
             ... on level 1 of the Orcish Mines.
             The game lasted 01:54:50 (20419 turns).

101zpm the Eclecticist (Djinni Fire Elementalist)  Turns: 20419, Time: 01:54:51

Health: -6/85      AC: 15    Str: 12    XL:     14   Next: 67%
Gold:   2323       EV:  9    Int: 27    God:    Makhleb [***...] SH: 13 Dex: 15

rFire   + + .      SeeInvis .   U - +6 hand axe of Ashenzari's Supremacy {speed, rC+ Str+3}
rCold   . . .      Faith    .   Y - +1 tower shield {AC+3}
rNeg    + . .      Spirit   .   z - +2 troll leather armour
rPois   ∞          Reflect  .   a - +1 helmet of the Wheelwright {Str+2 Stlth+}
rElec   .          Harm     .   h - +0 cloak {rCorr}
rCorr   +          Rampage  .   X - +1 pair of gloves
Will    +....                   (boots unavailable)
Stlth   +++.......              O - amulet of regeneration
HPRegen 1.84/turn               Z - ring of positive energy
MPRegen 0.00/turn               Q - +6 ring of intelligence

@: flying, studying 2 skills
A: sickness immunity, fire resistance 2, cold vulnerability 1, float, innate
caster, HP casting, extra vitality 1
a: Renounce Religion, Minor Destruction, Lesser Servant of Makhleb


You were on level 1 of the Orcish Mines.
You worshipped Makhleb.
Makhleb was most pleased with you.
You visited 5 branches of the dungeon, and saw 20 of its levels.
You also visited: Bailey and Gauntlet.

You collected 2803 gold pieces.
You spent 480 gold pieces at shops.

Inventory:

Hand Weapons
 U - the +6 hand axe of Ashenzari's Supremacy (weapon) {speed, rC+ Str+3}
   (You found it on level 1 of the Lair of Beasts)

   Attacks with this weapon are significantly faster.
   Str:       It affects your strength (+3).
   rC:        It protects you from cold.
Missiles
 k - 14 boomerangs
 l - 43 poisoned darts
 p - 2 javelins
 q - 117 stones
 K - 8 curare-tipped darts
 P - a throwing net
Armour
 a - the +1 helmet of the Wheelwright (worn) {Str+2 Stlth+}
   (You found it in a Gauntlet)

   Str:       It affects your strength (+2).
   Stlth:     It makes you more stealthy.
 h - a +0 cloak of preservation (worn)
 z - a +2 troll leather armour (worn)
 X - a +1 pair of gloves (worn)
 Y - a +1 tower shield of protection (worn)
Magical Staves
 s - a staff of conjuration
 G - a staff of air
Jewellery
 O - an amulet of regeneration (around neck)
 Q - a +6 ring of intelligence (right hand)
 Z - a ring of positive energy (left hand)
Wands
 f - a wand of roots (3)
 n - a wand of paralysis (3)
 o - a wand of mindburst (7)
 H - a wand of quicksilver (3)
 I - a wand of polymorph (9)
 L - a wand of flame (9)
 T - a wand of digging (2)
Scrolls
 e - 4 scrolls of enchant armour
 g - 9 scrolls of teleportation
 m - a scroll of summoning
 r - a scroll of blinking
 t - a scroll of silence
 x - 3 scrolls of butterflies
 y - 3 scrolls of magic mapping
 B - 2 scrolls of fear
 J - 2 scrolls of poison
 M - a scroll of brand weapon
 S - 2 scrolls of enchant weapon
Potions
 b - 7 potions of might
 c - 3 potions of invisibility
 d - a potion of degeneration {unknown}
 i - 7 potions of curing
 j - 2 potions of haste {unknown}
 u - 3 potions of berserk rage {unknown}
 v - 5 potions of lignification {unknown}
 w - 3 potions of attraction {unknown}
 A - 3 potions of ambrosia {unknown}
 C - 3 potions of mutation {unknown}
 E - 6 potions of brilliance {unknown}
 F - a potion of heal wounds {unknown}
 N - a potion of experience {unknown}
 R - 3 potions of resistance {unknown}
 W - a potion of magic {unknown}
Miscellaneous
 D - a piece from Xom's chessboard (15/15)


   Skills:
 + Level 2.0 Fighting
 + Level 1.5 Ranged Weapons
 + Level 4.0 Armour
 + Level 4.5 Dodging
 + Level 4.3 Stealth
 + Level 2.3 Shields
 + Level 17.7 Spellcasting


You had 17 spell levels left.
You knew the following spells:

 Your Spells              Type           Power      Damage    Failure   Level
a - Foxfire               Conj/Fire      100%       2x1d9     1%          1
b - Scorch                Fire           100%       2d10      1%          2
c - Conjure Flame         Conj/Fire      88%        6-21      1%          3
d - Inner Flame           Hex/Fire       88%        N/A       1%          3
e - Flame Wave            Conj/Fire      88%        2d19      1%          4
f - Beastly Appendage     Tmut           100%       N/A       1%          1
g - Passwall              Tmut/Erth      73%        N/A       1%          2
h - Summon Guardian Gole  Hex/Summ       88%        N/A       1%          3
i - Gell's Gravitas       Tloc           88%        N/A       1%          3
j - Olgreb's Toxic Radia  Pois           88%        N/A       1%          4
k - Blade Hands           Tmut           44%        N/A       1%          5
Your spell library was empty.

Dungeon Overview and Level Annotations

Branches:
Dungeon (13/15)            Temple (1/1) D:6            Lair (3/5) D:8
 Shoals (0/4) Lair:2        Snake (1/4) Lair:2          Orc (2/2) D:11
 Vaults (0/5) D:13         Bailey (visited)         Gauntlet (visited)
    Elf: Orc:2

Altars:
Ashenzari
Cheibriados
Dithmenos
Elyvilon
Fedhas
Gozag
Hepliaklqana
Makhleb
Nemelex Xobeh
Okawaru
Qazlal
Ru
Trog
Uskayaw
Wu Jian
Xom
Yredelemnul
Zin
The Shining One

Shops:
D:3 ([*   D:9 =   Orc:1 *

Annotations:
D:9 3 runed translucent doors, kalagan's ghost, novice DECj
Lair:2 3 runed translucent doors, manix's ghost, journeyman DjGl


Innate Abilities, Weirdness & Mutations

You are immune to sickness and miasma.
You are immune to poison.
Your flesh is very heat resistant. (rF++)
You are vulnerable to cold. (rC-)
You float through the air rather than walking.
You learn spells naturally, not from books.
Your magical power is your life essence.
You have superior vitality. (+4 MHP)


Message History

The orc warrior is poisoned.
You kill the orc!
Makhleb accepts your kill.
You feel better.
An orc knight comes into view. It is wielding a +0 great mace.
The orc knight is poisoned.
Your toxic aura wanes.
The orc warrior hits you with a +2 flail of draining! 2 orcs come into view.
An orc is wielding a +0 vampiric hand axe.
You block the orc warrior's attack.
The orc warlord no longer looks unusually strong.
The orc warrior looks more healthy.
The orc knight roars a battlecry!
The orcs go into a battle-frenzy!
There is a stone staircase leading up here.
You block the orc warrior's attack.
The orc knight hits you with a +0 great mace!
You fly upwards.
There is a stone staircase leading down, spattered with blood here.
Casting: Olgreb's Toxic Radiance (safe; 1% risk of failure)
Confirm with . or Enter, or press ? or * to list all spells.
A guardian golem appears, shielding your allies.
The orc warrior barely misses you. You block the orc knight's attack.
Casting: Summon Guardian Golem (safe; 1% risk of failure)
Confirm with . or Enter, or press ? or * to list all spells.
You conjure some foxfire!
You block the orc warrior's attack.
The orc knight hits you with a +0 great mace.
The orc warrior attacks as you move away!
The orc warrior hits you with a +2 flail of draining!!
* * * LOW HITPOINT WARNING * * *
The orc knight attacks as you move away!
You block the orc knight's attack.
The foxfire hits the orc knight but does no damage.
The orc knight is lightly wounded.
The foxfire hits the orc warrior.
The orc warrior is heavily wounded.
The orc warrior attacks as you move away!
The orc warrior hits you with a +2 flail of draining!!
You die...

### ##.##### ##..#.######
###.####...#..## #......##..##
##.....#.#......# #...#.......##
#..............## #....#.......#
#....#.#.....#.####...........##
......#.........#..............#
.................)[...#.......##
.##.........#.[[oo9).........##
............[..§@[[.........##
.##..........).[.............##
..........................#...#
.............................##
#.......#.#).................##
.#......##.#..................#
........#.......#.........##.##
.....#.......####....#..######
....#...#....# ##.......#


You could see an orc knight (poisoned), an orc warrior (strong, ally target) and
a friendly guardian golem (summoned).

Vanquished Creatures
  A minotaur (Gauntlet)
  Josephine (D:12)
  2 boulder beetles
  Erolcha (D:11)
  4 hydras
  5 two-headed ogres
  2 sixfirhies (Gauntlet)
  4 lindwurms (D:12)
  2 orc knights
  A deep elf zephyrmancer (Bailey)
  Pikel (D:4)
  A wizard (D:13)
  A mana viper (Snake:1)
  2 manticores
  3 orc sorcerers
  An oklob plant (Gauntlet)
  2 cyclopes
  4 elephants (Lair:2)
  Joseph (D:8)
  6 black mambas (Lair:2)
  A gargoyle (D:13)
  2 cane toads (Lair:3)
  Psyche (D:8)
  2 kobold demonologists (D:11)
  A rime drake (Lair:2)
  Maggie (D:6)
  8 komodo dragons
  A wind drake (shapeshifter) (D:13)
  A polar bear (Lair:3)
  7 trolls
  5 slime creatures (D:12)
  4 hornets
  9 blink frogs
  A snapping turtle (Lair:2)
  A vampire (D:13)
  3 shadows
  7 wraiths
  A wyvern (Lair:2)
  28 yaks
  A steam dragon (D:8)
  Grum (D:8)
  Menkaure (D:4)
  5 acid dragons
  Duvessa (D:6)
  6 water moccasins
  2 sky beasts (D:7)
  A black bear (D:6)
  15 orc warriors
  2 ogres
  6 wolves (D:8)
  5 centaurs
  2 phantoms
  7 kobold brigands
  2 gnoll sergeants (D:9)
  10 bullfrogs
  3 scorpions
  A necrophage (D:5)
  11 wights
  Dowan (D:6)
  3 vampire bats (D:4)
  A troll zombie (D:11)
  7 howler monkeys
  2 electric eels (D:8)
  A lava snake (D:11)
  7 hounds
  12 orc priests
  A gnoll bouda (D:9)
  3 iguanas
  11 orc wizards
  5 ogre zombies (D:11)
  13 gnolls (D:9)
  6 adders
  2 river rats (D:3)
  A shadow imp (D:6)
  A white imp (D:5)
  2 ufetubi
  A worm (D:3)
  4 dart slugs
  52 orcs
  8 endoplasms
  2 giant cockroaches
  14 goblins
  7 hobgoblins
  3 quokkas (D:3)
  6 ball pythons
  12 bats
  4 frilled lizards
  A goblin skeleton (D:11)
  2 goblin zombies (D:11)
  2 hobgoblin zombies (D:11)
  30 kobolds
  An orc skeleton (D:11)
  12 orc zombies (D:11)
  9 rats
460 creatures vanquished.

Vanquished Creatures (collateral kills)
  8 foxfires
8 creatures vanquished.

Vanquished Creatures (others)
  25 demonic plants (Gauntlet)
  1193 foxfires
  14 fungi
  59 plants
1291 creatures vanquished.

Grand Total: 1759 creatures vanquished

Notes
Turn   | Place    | Note
-------+----------+-------------------------------------------
     0 | D:1      | 101zpm the Djinni Fire Elementalist began the quest for the
                  | Orb.
     0 | D:1      | 101zpm set off with the following spells memorised:
                  | Foxfire, Scorch, Conjure Flame, Inner Flame, Flame Wave.
     0 | D:1      | Reached XP level 1. HP: 15/15 MP: 0/0
   211 | D:2      | Reached XP level 2. HP: 16/21 MP: 0/0
   309 | D:2      | Reached skill level 3 in Spellcasting
   309 | D:2      | Reached XP level 3. HP: 20/25 MP: 0/0
   309 | D:2      | Learned a level 1 spell: Beastly Appendage
  1091 | D:2      | Reached XP level 4. HP: 26/31 MP: 0/0
  1503 | D:3      | Found Qiclong's Antique Armour Shop.
  1508 | D:3      | Found Veos's Assorted Antiques.
  1800 | D:3      | Found a shadowy altar of Dithmenos.
  2324 | D:3      | Found Heuhel's Weapon Shoppe.
  2467 | D:3      | Reached XP level 5. HP: 28/35 MP: 0/0
  2467 | D:3      | Learned a level 2 spell: Passwall
  2539 | D:3      | Reached skill level 4 in Spellcasting
  4103 | D:4      | Noticed Pikel
  4103 | D:4      | Noticed a lemure
  4103 | D:4      | Noticed a lemure
  4103 | D:4      | Noticed a lemure
  4137 | D:4      | Noticed Menkaure
  4382 | D:4      | Reached XP level 6. HP: 33/40 MP: 0/0
  4404 | D:4      | Killed Pikel
  4405 | D:4      | Reached skill level 6 in Spellcasting
  4405 | D:4      | Reached XP level 7. HP: 18/45 MP: 0/0
  4405 | D:4      | Learned a level 3 spell: Summon Guardian Golem
  4803 | D:4      | Reached XP level 8. HP: 32/50 MP: 0/0
  5033 | D:4      | Reached skill level 1 in Ranged Weapons
  5046 | D:4      | Killed Menkaure
  6255 | D:5      | Entered Level 5 of the Dungeon
  6260 | D:5      | Reached skill level 7 in Spellcasting
  7208 | D:5      | Reached XP level 9. HP: 47/55 MP: 0/0
  7208 | D:5      | Learned a level 3 spell: Gell's Gravitas
  7519 | D:6      | Reached skill level 8 in Spellcasting
  8071 | D:7      | Reached skill level 9 in Spellcasting
  8739 | D:7      | Noticed a hornet
  8742 | D:7      | Killed a hornet
  9126 | D:6      | Noticed Duvessa
  9130 | D:6      | Noticed Dowan
  9133 | D:6      | Killed Duvessa
  9134 | D:6      | Reached XP level 10. HP: 36/61 MP: 0/0
  9137 | D:6      | Killed Dowan
  9144 | D:6      | Noticed Maggie
  9153 | D:6      | Killed Maggie
  9154 | D:6      | Reached skill level 10 in Spellcasting
  9396 | D:6      | Found a staircase to the Ecumenical Temple.
  9806 | Temple   | Entered the Ecumenical Temple
 10074 | D:8      | Noticed Psyche
 10253 | D:8      | Reached skill level 1 in Armour
 10578 | D:7      | Reached skill level 11 in Spellcasting
 10770 | D:8      | Noticed Grum
 10775 | D:8      | Killed Grum
 10993 | D:8      | Killed Psyche
 11173 | D:8      | Found a staircase to the Lair.
 11277 | D:8      | Found a hazy altar of Hepliaklqana.
 11424 | D:8      | Found a glowing golden altar of the Shining One.
 11439 | D:8      | Reached skill level 1 in Fighting
 11479 | D:9      | Reached XP level 11. HP: 56/67 MP: 0/0
 11479 | D:9      | Learned a level 4 spell: Olgreb's Toxic Radiance
 11581 | D:8      | Noticed a boulder beetle
 11604 | D:8      | Killed a boulder beetle
 11605 | D:8      | Reached skill level 12 in Spellcasting
 11670 | D:8      | Noticed Joseph
 11678 | D:8      | Killed Joseph
 12065 | D:9      | Found Heqosairph's Jewellery Emporium.
 12322 | D:9      | Found a runed translucent gate.
 12322 | D:9      | Found a runed translucent gate.
 12322 | D:9      | Found a runed translucent gate.
 12322 | D:9      | Noticed kalagan's ghost (novice DECj)
 12416 | D:9      | Found an opulent altar of Gozag.
 12663 | D:9      | Bought an amulet of regeneration for 480 gold pieces
 12731 | Lair:1   | Entered Level 1 of the Lair of Beasts
 12762 | Lair:1   | Noticed a five-headed hydra
 12767 | Lair:1   | Killed a five-headed hydra
 12777 | Lair:1   | Noticed an eight-headed hydra
 12789 | Lair:1   | Killed an eight-headed hydra
 12790 | Lair:1   | Reached skill level 13 in Spellcasting
 12815 | Lair:1   | Reached XP level 12. HP: 65/72 MP: 0/0
 12840 | Lair:1   | Identified the +8 whip of Instant Death {freeze, MP+9}
 12998 | Lair:1   | Identified the +6 hand axe of Ashenzari's Supremacy {speed,
                  | rC+ Str+3}
 13423 | Lair:2   | Reached skill level 14 in Spellcasting
 13700 | Lair:2   | Found a staircase to the Snake Pit.
 13781 | Lair:2   | Found a runed translucent gate.
 13781 | Lair:2   | Found a runed translucent gate.
 13781 | Lair:2   | Found a runed translucent gate.
 13783 | Lair:2   | Noticed a ten-headed hydra
 13783 | Lair:2   | Noticed a 13-headed hydra
 13783 | Lair:2   | Noticed manix's ghost (journeyman DjGl)
 13805 | Lair:2   | Noticed a six-headed hydra
 13818 | Lair:2   | Killed a six-headed hydra
 13969 | Lair:2   | Reached skill level 15 in Spellcasting
 13969 | Lair:2   | Reached XP level 13. HP: 51/77 MP: 0/0
 13969 | Lair:2   | Learned a level 5 spell: Blade Hands
 14199 | Lair:2   | Found a staircase to the Shoals.
 14471 | Lair:3   | Identified the +1 robe "Jovugamn" {Will+ Str+5 Int-2}
 15031 | Snake:1  | Entered Level 1 of the Snake Pit
 15190 | D:10     | Entered Level 10 of the Dungeon
 15224 | D:10     | Found a flagged portal.
 15233 | Bailey   | Entered a bailey
 15373 | Bailey   | Found a large runed translucent door.
 15373 | Bailey   | Found a large runed translucent door.
 15840 | D:10     | Identified a scroll of acquirement
 15841 | D:10     | Acquired 1285 gold pieces
 16239 | D:10     | Found a hide-covered altar of Uskayaw.
 16241 | D:10     | Found a snail-covered altar of Cheibriados.
 16241 | D:10     | Found a burning altar of Makhleb.
 16243 | D:10     | Found a basalt altar of Yredelemnul.
 16244 | D:10     | Found a broken altar of Ashenzari.
 16245 | D:10     | Found a sparkling altar of Nemelex Xobeh.
 16249 | D:10     | Became a worshipper of Makhleb the Destroyer
 16327 | D:11     | Noticed Erolcha
 16334 | D:11     | Killed Erolcha
 16474 | D:11     | Reached skill level 16 in Spellcasting
 16694 | D:11     | Found a gate leading to a gauntlet.
 16703 | Gauntlet | Entered a Gauntlet
 16703 | Gauntlet | Found a transporter.
 16734 | Gauntlet | Found a transporter.
 16739 | Gauntlet | Found a transporter.
 16744 | Gauntlet | Found a transporter.
 16760 | Gauntlet | Found a transporter.
 16779 | Gauntlet | Found a transporter.
 16791 | Gauntlet | Found a transporter.
 16803 | Gauntlet | Found a transporter.
 16815 | Gauntlet | Found a transporter.
 16827 | Gauntlet | Found a transporter.
 16844 | Gauntlet | Found a transporter.
 16862 | Gauntlet | Found a transporter.
 16864 | Gauntlet | Found a transporter.
 16891 | Gauntlet | Found a transporter.
 16911 | Gauntlet | Found a transporter.
 16989 | Gauntlet | Found a transporter.
 17011 | Gauntlet | Found a transporter.
 17121 | Gauntlet | Found a transporter.
 17355 | Gauntlet | Reached * piety under Makhleb
 17394 | Gauntlet | Identified the +1 helmet of the Wheelwright {Str+2 Stlth+}
 17445 | Gauntlet | Identified the +4 mace "Mudaneod" {vorpal, rN++}
 17445 | Gauntlet | Noticed a minotaur
 17453 | Gauntlet | Killed a minotaur
 17553 | D:11     | Reached skill level 1 in Shields
 17817 | D:11     | Found a staircase to the Orcish Mines.
 18114 | Orc:1    | Entered Level 1 of the Orcish Mines
 18275 | D:12     | Reached XP level 14. HP: 56/83 MP: 0/0
 18303 | D:12     | Noticed Josephine
 18313 | D:12     | Killed Josephine
 18313 | D:12     | Reached ** piety under Makhleb
 18577 | D:12     | Reached skill level 17 in Spellcasting
 19482 | D:13     | Found a gate to the Vaults.
 19617 | D:13     | Reached *** piety under Makhleb
 20149 | Orc:1    | Found Huckulyu's CLEARANCE SALE!.
 20192 | Orc:2    | Entered Level 2 of the Orcish Mines
 20375 | Orc:2    | Noticed an orc warlord
 20419 | Orc:1    | Mangled by an orc warrior

Illustrated notes

Levels and vault maps discovered:
D:1:      heliophobic_arrival_henge, layout_rooms
D:2:      layout_basic, minmay_domino_4
D:3:      layout_loops_ring, mainiacjoe_overflow_alcove_2, serial_rivers,
          chequers_serial_rivers_micro_b, chequers_serial_rivers_small_b,
          chequers_serial_rivers_marsh, chequers_serial_rivers_large_b,
          serial_shops, nicolae_shop_behind_doors, nicolae_diamond_shop, shop,
          gup_sewer_entry_spiral, minmay_checkerbox
D:4:      layout_layer_cave, minivault_5, roderic_batcave,
          dreamdust_wishing_well, nicolae_titane, uniq_menkaure, uniq_pikel
D:5:      layout_gridville
D:6:      layout_basic, mainiacjoe_overflow_surrounded_room,
          minmay_temple_entry_ruins, uniq_duvessa, uniq_maggie
D:7:      layout_loops_ring
D:8:      layout_loops_ring, nicolae_hepliaklqana_hazy_memory, tso_metal_star,
          erik_lair_island, uniq_grum, uniq_psyche, uniq_joseph
D:9:      layout_big_octagon, mainiacjoe_overflow_swirl, gammafunk_ghost_icy,
          serial_shops, nicolae_shop_trees, grunt_ministairs_2
D:10:     layout_long_grid, minitemple, enter_bailey_2
D:11:     layout_basic, zombieorc1_lemuel, gauntlet_entry_generic,
          kennysheep_doodads, fungi_pond_lemuel, lemuel_old_faithful,
          uniq_erolcha
D:12:     layout_loops_ring, nicolae_wwwww, minmay_lindwurm_lava, uniq_josephine
D:13:     layout_roguey, david_vaults_1
Temple:   eino_wide_crystal_templ
Lair:1:   layout_chaotic_city, chequers_serial_rivers_micro_a
Lair:2:   layout_gridlike, minmay_shoals_entry_hut,
          minmay_snake_entry_six_corridors, gammafunk_ghost_hydra_chop
Lair:3:   layout_hall_layers, uniq_gastronok
Snake:1:  layout_layer_cave, nicolae_snake_round_shape_thing,
          hangedman_snake_wide_pillar_pass
Orc:1:    layout_caves, nicolae_shop_clearance
Orc:2:    grunt_orc_cross, layout_diamond_mine

Skill      XL: |  1  2  3  4  5  6  7  8  9 10 11 12 13 14 |
---------------+-------------------------------------------+-----
Spellcasting   | 3 4 6 7 9 11 13 15 16 17 | 17.7
Stealth        | 2 3 4 |  4.3
Ranged Weapons | 1 |  1.5
Armour         | 1 2 3 4 |  4.0
Dodging        | 3 4 |  4.5
Fighting       | 1 2 |  2.0
Shields        | 1 2 |  2.3

Action                   |  1- 3 |  4- 6 |  7- 9 | 10-12 | 13-15 || total
-------------------------+-------+-------+-------+-------+-------++-------
Melee: Hand axe          |       |       |       |       |    12 ||    12
       Headbutt          |       |       |       |       |     1 ||     1
 Fire: Sling             |       |     9 |     8 |       |       ||    17
 Cast: Foxfire           |    46 |    69 |    79 |   186 |   332 ||   712
       Scorch            |     3 |    32 |    34 |    71 |   157 ||   297
       Inner Flame       |       |    21 |    59 |   120 |   127 ||   327
       Summon Guardian G |       |       |     9 |    31 |    60 ||   100
       Olgreb's Toxic Ra |       |       |       |     2 |    17 ||    19
       Passwall          |       |       |       |     1 |     1 ||     2
       Gell's Gravitas   |       |       |       |       |     4 ||     4
       Beastly Appendage |       |       |       |       |     2 ||     2
       Blade Hands       |       |       |       |       |     1 ||     1
  Use: Scroll            |       |     2 |     3 |     7 |    13 ||    25
Armor: Robe              |       |     1 |     3 |       |     2 ||     6
       Troll leather arm |       |       |       |    14 |    37 ||    51
       Swamp dragon scal |       |       |       |     4 |       ||     4
Dodge: Dodged            |     1 |     2 |     5 |    36 |    44 ||    88
Block: Tower shield      |       |       |       |       |    84 ||    84
